AoeStats
← ✪Lucho Jaraツ

Arabia

506904005Analyzed
2v2 RM · 16d ago on Sep 15, 2026· 40m 45s· 4 players
Game mode
Random Map
Map size
Medium (4 player)
Population
200
Speed
Normal
Resources
Standard
Victory
Conquest
Starting age
Dark Age
Ending age
Imperial Age
RankedLock teamsTeams togetherTeam positionsShared explorationLock speedFull tech treeHidden civsTurbo modeCheats
Victory
Defeat
🇩🇪 Berbers · Germany
1179
+14
🇩🇪 Ethiopians · Germany
1175
+14
🇨🇱 Tupi · Chile
1167
-15
🇨🇱 Slavs · Chile
1108
-13
h33posk
7:16 Loom
9:42 Feudal Age
10:27 Double-Bit Axe
14:10 Scale Barding Armor
15:31 Forging
16:58 Horse Collar
23:58 Castle Age
22:44 Gold Mining
23:28 Bloodlines
23:21 Town Watch
23:59 Light Cavalry
34:29 Wheelbarrow
✪Lucho Jaraツ
7:14 Loom
9:36 Feudal Age
9:38 Champi Runner
13:39 Double-Bit Axe
13:35 Horse Collar
18:47 Wheelbarrow
21:04 Castle Age
20:00 Gold Mining
22:43 Scale Mail Armor
22:52 Squires
24:25 Chain Mail Armor
24:52 Forging
25:33 Bow Saw
25:24 Heavy Plow
26:00 Gold Shaft Mining
27:36 Pikeman
28:55 Iron Casting
29:48 Champi Warrior
33:39 Arson
39:13 Stone Mining
41:58 Imperial Age
41:10 Wheelbarrow
Peppmaster
5:42 Loom
8:53 Feudal Age
10:06 Double-Bit Axe
20:27 Castle Age
19:26 Horse Collar
22:22 Scale Barding Armor
22:57 Husbandry
23:08 Forging
26:44 Bloodlines
28:26 Town Watch
28:54 Bow Saw
28:44 Heavy Plow
29:07 Chain Barding Armor
32:59 Wheelbarrow
32:20 Gold Mining
42:36 Imperial Age
41:57 Iron Casting
Foley
6:57 Loom
9:55 Feudal Age
10:20 Man-at-Arms
11:03 Double-Bit Axe
15:09 Fletching
17:09 Horse Collar
20:00 Wheelbarrow
23:18 Castle Age
23:25 Padded Archer Armor
23:21 Crossbowman
24:15 Bow Saw
24:07 Heavy Plow
24:05 Bodkin Arrow
28:28 Ballistics
34:10 Imperial Age
33:27 Leather Archer Armor
34:22 Arbalester
38:09 Chemistry
40:02 Bracer
Connection lost

Rejoining the realm…

Still unreachable

The connection could not be restored.

Session expired

The server has moved on; the page needs a fresh start.